 Dungeon Crawl Stone Soup version 0.21-a0-128-gf2b353c (webtiles) character file.

30199 Gorglomux the Severer (level 13, -2/122 HPs)
             Began as a Hill Orc Warper on July 16, 2017.
             Was a High Priest of Makhleb.
             Slain by a death yak (17 damage)
             ... on level 5 of the Lair of Beasts.
             The game lasted 00:34:09 (17133 turns).

Gorglomux the Severer (Hill Orc Warper)            Turns: 17133, Time: 00:34:10

Health: -2/122     AC: 21    Str: 24    XL:     13   Next: 50%
Magic:  17/17      EV: 11    Int: 11    God:    Makhleb [*****.]
Gold:   710        SH:  0    Dex: 10    Spells: 13/15 levels left

rFire    . . .     SeeInvis .   b - +1 battleaxe (flame)
rCold    . . .     Gourm    .   (shield currently unavailable)
rNeg     . . .     Faith    .   L - +0 plate armour
rPois    +         Spirit   .   s - +0 helmet "Rofumei" {rElec rPois Str+5 Int-4}
rElec    +         Reflect  .   (no cloak)
rCorr    .         Harm     .   S - +2 pair of gloves
MR       +....                  U - +2 pair of boots
Stlth    ..........             r - amulet of regeneration
HPRegen  0.70/turn              q - +2 ring of evasion (curse)
MPRegen  0.15/turn              m - ring of protection from magic

@: no status effects
A: clever 1, mutation resistance 1
a: Minor Destruction, Lesser Servant of Makhleb, Major Destruction, Greater
Servant of Makhleb, Renounce Religion


You were on level 5 of the Lair of Beasts.
You worshipped Makhleb.
Makhleb was extremely pleased with you.
You were not hungry.

You visited 3 branches of the dungeon, and saw 17 of its levels.
You also visited: Ossuary and Ice Cave.

You collected 710 gold pieces.

Inventory:

Hand Weapons
 a - a +0 war axe
 b - a +1 battleaxe of flaming (weapon)
Missiles
 i - 3 tomahawks of dispersal (quivered)
 Z - 3 throwing nets
Armour
 p - the +4 shield "Ejafra" {rElec rC+ Int+4 Dex+3}
   (You found it on level 10 of the Dungeon)

   It affects your intelligence (+4).
   It affects your dexterity (+3).
   It protects you from cold.
   It insulates you from electricity.
 s - the +0 helmet "Rofumei" (worn) {rElec rPois Str+5 Int-4}
   (You found it on level 8 of the Dungeon)

   It affects your strength (+5).
   It affects your intelligence (-4).
   It insulates you from electricity.
   It protects you from poison.
 L - a +0 plate armour (worn)
 S - a +2 pair of gloves (worn)
 U - a +2 pair of boots (worn)
Jewellery
 f - an uncursed ring of protection from fire
 m - a ring of protection from magic (right hand)
 q - a cursed +2 ring of evasion (left hand)
 r - an amulet of regeneration (around neck)
 O - a +3 ring of protection
Wands
 k - a wand of paralysis (12/24)
 w - a wand of iceblast (5/15)
 A - a wand of paralysis (7/24)
 C - a wand of confusion (13/48)
 I - a wand of iceblast (9/15)
 P - a wand of paralysis (9/24)
 W - a wand of flame (9/48)
Scrolls
 v - 3 scrolls of holy word
 y - 2 scrolls of recharging
 B - 5 scrolls of blinking
 E - 2 scrolls of remove curse
 J - 2 scrolls of fear
 K - a scroll of immolation
 N - 4 scrolls of enchant weapon
 R - 2 scrolls of identify
 T - 4 scrolls of teleportation
 Y - a scroll of enchant armour
Potions
 j - 2 potions of might {unknown}
 l - a potion of berserk rage
 o - a potion of resistance {unknown}
 t - 3 potions of flight {unknown}
 u - 6 potions of haste
 D - 6 potions of mutation
 H - 5 potions of heal wounds
 Q - 5 potions of curing
Comestibles
 z - 8 meat rations
 M - 7 chunks of flesh
 V - 7 bread rations
 X - 6 royal jellies


   Skills:
 + Level 13.5 Fighting
 - Level 18.0 Axes
 - Level 0.8 Throwing
 + Level 8.2 Armour
 + Level 6.0 Dodging
 - Level 1.5 Spellcasting
 - Level 2.4 Translocations
 - Level 6.4 Invocations
 - Level 6.0 Evocations


You had 13 spell levels left.
You knew the following spells:

 Your Spells              Type           Power        Failure   Level  Hunger
h - Shroud of Golubria    Chrm/Tloc      #.........   98%         2    ###....


Dungeon Overview and Level Annotations

Branches:
Dungeon (11/15)            Temple (1/1) D:4            Lair (5/6) D:11
 Shoals (0/4) Lair:3        Snake (0/4) Lair:4
  Slime: Lair:5-6       Orc: D:9-12

Altars:
Ashenzari
Cheibriados
Dithmenos
Elyvilon
Fedhas
Gozag
Hepliaklqana
Kikubaaqudgha
Makhleb
Nemelex Xobeh
Okawaru
Qazlal
Ru
Sif Muna
Trog
Uskayaw
Vehumet
Wu Jian
Xom
Yredelemnul
Zin
The Shining One

Shops:
D:4 =   D:8 (

Annotations:
Lair:1 exclusion: oklob plant


Innate Abilities, Weirdness & Mutations

Your mind is acute. (Int +2)
You are somewhat resistant to further mutation.


Message History

Butt shave the death yak!
You burn the death yak!
You shave the death yak!!!
Butt burn the death yak!
You shave the yak!!!
You burn the yak! The death yak gores you!!!!!! The death yak gores you!!!
The yak gores you but does no damage!
You are too injured to fight recklessly!!!
Unknown command!
You are too injured to fight recklessly!!!
Unknown command!
You shave the death yak!!!!!!
You burn the death yak!
You annihilate the death yak!!!
Makhleb roars: ANNIHILATED!
You shave the death yak!
You burn the death yak! You barely miss the death yak! You barely miss the yak!
Your orange demon barely misses the yak!
Your orange demon hits the yak!
The death yak gores you!!! * * * don't butt
* * * The death yak gores you!!!!!! * * * don't butt
* * * The yak gores your orange demon!!!
The death yak gores you!!! rip

..............
?...........>#.
.........PP...#?
..........P.......
..........P......#
................P##
......4Y..#.......##
......#Y...........#
#....Y.Y@.S......?..
#########.###.........$ .
##≈≈≈# # ##......#.#...
#≈≈≈.# ###.............
#≈≈<.######...............
#≈≈..#.#.........P.....###
#≈≈........≈≈≈#..#....##
#≈≈......≈≈≈#######...#
##≈≈P.P.≈≈### .#.#


You could see 2 death yaks, 2 yaks, a water moccasin and a friendly orange
demon.

Vanquished Creatures
  A hydra (Lair:4)
  2 two-headed ogres (D:10)
  4 death yaks
  Sonja (Lair:4)
  Nergalle (Lair:4)
  Pikel (D:8)
  An orc knight (D:10)
  3 manticores
  An ugly thing (D:10)
  Joseph (D:8)
  A torpor snail (Lair:5)
  5 spiny frogs
  A rime drake (Lair:2)
  4 komodo dragons
  7 polar bears (IceCv)
  5 blink frogs (Lair:4)
  2 dream sheep
  7 hippogriffs
  A shadow (D:11)
  A wyvern (D:10)
  43 yaks
  Eustachio (D:5)
  A vampire mosquito (D:10)
  5 nagas (Lair:4)
  5 water moccasins
  4 porcupines
  2 slaves (D:8)
  3 orc warriors
  8 ice beasts
  2 sky beasts
  3 black bears
  An eye of draining (D:9)
  2 phantoms
  An ogre (D:7)
  4 centaurs
  6 wolves (IceCv)
  9 crocodiles
  8 bullfrogs
  A big kobold (D:9)
  2 wyvern skeletons
  5 scorpions
  6 killer bees
  A wight (D:10)
  2 electric eels
  A vampire bat (D:6)
  7 centaur zombies
  3 howler monkeys
  6 crimson imps
  4 jellies
  A hound (D:4)
  8 orc priests
  A bullfrog skeleton (D:7)
  4 iguanas
  3 orc wizards
  7 worker ants
  A killer bee zombie (D:9)
  4 big kobold zombies (Ossuary)
  A hound skeleton (D:5)
  4 mummies (Ossuary)
  A howler monkey skeleton (D:8)
  9 adders
  5 shadow imps
  2 oozes
  2 adder skeletons
  3 adder zombies
  3 worms
  8 dart slugs
  3 leopard geckos
  16 orcs
  21 giant cockroaches
  6 goblins
  6 hobgoblins
  5 jackals (D:1)
  12 kobolds
  2 quokkas
  A ball python (D:3)
  12 bats
  4 frilled lizards
  2 hobgoblin zombies (Ossuary)
  14 rats
  2 fungi
  5 plants
374 creatures vanquished.

Vanquished Creatures (collateral kills)
  A hydra (Lair:3)
  A manticore (D:10)
  A yak (Lair:3)
3 creatures vanquished.

Vanquished Creatures (others)
  A slave (D:8)
  A scorpion (D:8)
  A bullfrog skeleton (D:8)
  An orc priest (D:8)
  2 fungi
  2 plants
8 creatures vanquished.

Grand Total: 385 creatures vanquished

Notes
Turn   | Place    | Note
-------+----------+-------------------------------------------
     0 | D:1      | Gorglomux the Hill Orc Warper began the quest for the Orb.
     0 | D:1      | Reached XP level 1. HP: 18/18 MP: 3/3
    39 | D:1      | Reached skill level 3 in Axes
    61 | D:1      | Reached XP level 2. HP: 16/25 MP: 4/4
   189 | D:1      | Reached skill level 3 in Fighting
   926 | D:1      | Learned a level 2 spell: Shroud of Golubria
  1209 | D:1      | Reached XP level 3. HP: 31/31 MP: 5/5
  1287 | D:2      | Reached skill level 4 in Axes
  1810 | D:2      | Reached XP level 4. HP: 29/40 MP: 6/6
  2604 | D:3      | Gained mutation: Your mind is acute. (Int +2) [potion of mutation]
  2604 | D:3      | Gained mutation: You are somewhat resistant to further mutation. [potion of mutation]
  3249 | D:3      | Reached skill level 5 in Axes
  3249 | D:3      | Reached XP level 5. HP: 29/47 MP: 5/7
  3735 | D:4      | Found Guwnetei's Jewellery Boutique.
  3760 | D:4      | Noticed an ogre
  4360 | D:4      | Found a staircase to the Ecumenical Temple.
  4573 | D:4      | Reached XP level 6. HP: 17/56 MP: 8/8
  4610 | Temple   | Entered the Ecumenical Temple
  4699 | Temple   | Became a worshipper of Makhleb the Destroyer
  4793 | D:4      | Reached skill level 6 in Axes
  4902 | D:4      | Found a radiant altar of Vehumet.
  4902 | D:4      | Found a glowing silver altar of Zin.
  4903 | D:4      | Found a white marble altar of Elyvilon.
  5342 | D:5      | Entered Level 5 of the Dungeon
  5716 | D:5      | Reached XP level 7. HP: 52/61 MP: 9/9
  5730 | D:5      | Reached skill level 7 in Axes
  5730 | D:5      | Reached skill level 3 in Dodging
  6157 | D:5      | Noticed Eustachio
  6192 | D:5      | Killed Eustachio
  6192 | D:5      | Reached skill level 8 in Axes
  6242 | D:5      | Reached XP level 8. HP: 59/68 MP: 10/10
  6348 | D:5      | Reached * piety under Makhleb
  6844 | D:6      | Reached skill level 9 in Axes
  7336 | D:6      | Reached skill level 6 in Fighting
  7352 | D:6      | Reached skill level 3 in Armour
  7885 | D:7      | Noticed a yak
  7886 | D:7      | Noticed a yak
  7886 | D:7      | Noticed a yak
  7923 | D:7      | Noticed a yak
  7931 | D:7      | Killed a yak
  7931 | D:7      | Reached skill level 10 in Axes
  7931 | D:7      | Reached XP level 9. HP: 70/79 MP: 11/11
  7934 | D:7      | Reached ** piety under Makhleb
  8476 | D:7      | Reached skill level 11 in Axes
  8529 | D:7      | Reached skill level 6 in Armour
  8685 | D:7      | Found a deep blue altar of Sif Muna.
  8687 | D:7      | Found a bloodstained altar of Trog.
  8850 | D:7      | Reached skill level 1 in Invocations
  9036 | D:8      | Reached skill level 9 in Fighting
  9130 | D:8      | Found Nizuav's Weapon Shoppe.
  9149 | D:8      | Reached XP level 10. HP: 91/91 MP: 12/12
  9176 | D:8      | Reached skill level 3 in Invocations
  9182 | D:8      | Noticed Joseph
  9192 | D:8      | Killed Joseph
  9217 | D:8      | Found a sand-covered staircase.
  9294 | Ossuary  | Entered an ossuary
  9475 | Ossuary  | Reached *** piety under Makhleb
  9632 | D:8      | Noticed Pikel
  9641 | D:8      | Killed Pikel
  9641 | D:8      | Reached skill level 12 in Axes
 10206 | D:8      | Got a dazzling helmet
 10217 | D:8      | Identified the +0 helmet "Rofumei" {rElec rPois Str+5 Int-4} (You found it on level 8 of the Dungeon)
 10536 | D:9      | Reached skill level 6 in Invocations
 10984 | D:10     | Entered Level 10 of the Dungeon
 11073 | D:9      | Reached skill level 1 in Evocations
 11098 | D:10     | Reached **** piety under Makhleb
 11168 | D:10     | Noticed an orc knight
 11223 | D:10     | Noticed a two-headed ogre
 11247 | D:10     | Killed a two-headed ogre
 11247 | D:10     | Reached XP level 11. HP: 51/102 MP: 15/15
 11255 | D:10     | Killed an orc knight
 11255 | D:10     | Reached skill level 13 in Axes
 11255 | D:10     | Reached skill level 3 in Evocations
 11524 | D:10     | Noticed a purple ugly thing
 11542 | D:10     | Killed a purple ugly thing
 11604 | D:10     | Noticed a manticore
 11613 | D:10     | Killed a manticore
 11632 | D:10     | Got a crude shield
 11639 | D:10     | Identified the +4 shield "Ejafra" {rElec rC+ Int+4 Dex+3} (You found it on level 10 of the Dungeon)
 11723 | D:10     | Noticed a manticore
 11727 | D:10     | Killed a manticore
 12095 | D:10     | Noticed a two-headed ogre
 12101 | D:10     | Killed a two-headed ogre
 12504 | D:11     | Noticed a manticore
 12508 | D:11     | Killed a manticore
 12508 | D:11     | Reached skill level 12 in Fighting
 12646 | D:11     | Found a staircase to the Lair.
 12667 | D:11     | Reached skill level 14 in Axes
 13274 | Lair:1   | Entered Level 1 of the Lair of Beasts
 14008 | Lair:1   | Reached skill level 6 in Evocations
 14076 | Lair:1   | Noticed an oklob plant
 14182 | Lair:2   | Reached XP level 12. HP: 113/113 MP: 16/16
 14518 | Lair:2   | Reached skill level 15 in Axes
 14858 | Lair:3   | Noticed a seven-headed hydra
 14864 | Lair:3   | Killed a seven-headed hydra
 15099 | Lair:3   | Reached skill level 16 in Axes
 15241 | Lair:3   | Found a frozen archway.
 15260 | IceCv    | Entered an ice cave
 15266 | IceCv    | Reached ***** piety under Makhleb
 15299 | IceCv    | Reached skill level 17 in Axes
 15767 | Lair:3   | Found a staircase to the Shoals.
 15912 | Lair:4   | Noticed Sonja
 15923 | Lair:4   | Killed Sonja
 16102 | Lair:4   | Reached skill level 18 in Axes
 16182 | Lair:4   | Reached XP level 13. HP: 119/119 MP: 17/17
 16383 | Lair:4   | Noticed Nergalle
 16405 | Lair:4   | Killed Nergalle
 16507 | Lair:4   | Found a staircase to the Snake Pit.
 17056 | Lair:5   | Reached skill level 6 in Dodging
 17133 | Lair:5   | Slain by a death yak

Vault maps used:
D:1:      scummos_arrival_hexagon
D:2:      minmay_roachtagon
D:4:      gammafunk_temple_overflow_claw, minmay_temple_entry_trees,
          first_bread, serial_shops, shop
D:5:      uniq_eustachio
D:6:      kennysheep_slugbush, roderic_batcave, minmay_tree_intersection
D:7:      minitemple, roderic_hopi_sauvastika
D:8:      nicolae_ossuary_entry_ruins, serial_shops, shop, uniq_pikel,
          uniq_prince_ribbit1, uniq_joseph
D:10:     minmay_tri_box
D:11:     david_lair_generic
Temple:   minmay_crystal_spiral_temple
Lair:1:   minmay_lair_oklob_tunnel
Lair:3:   minmay_shoals_entry_beasts, portal_ice_cave_entry_pillars_1
Lair:4:   minmay_snake_entry_guardpost_medium, uniq_sonja, uniq_nergalle
Lair:5:   beast_lair_carwin_large_4, cheibrodos_lair_caveside_slide,
          serial_bayou_crossing, lemuel_fruit_fields
Ossuary:  ossuary_the_hunt_dpeg
IceCv:    ice_cave_small_giant

Skill      XL: |  1  2  3  4  5  6  7  8  9 10 11 12 13 |
---------------+----------------------------------------+-----
Axes           | 3 4 5 6 8 10 11 12 14 18 | 18.0
Fighting       | 3 4 5 7 9 11 12 13 | 13.5
Dodging        | 2 4 6 |  6.0
Armour         | 4 6 8 |  8.2
Invocations    | 2 6 |  6.4
Evocations     | 2 6 |  6.0
Throwing       | |  0.8
Spellcasting   | |  1.5
Translocations | |  2.4

Action                   |  1- 3 |  4- 6 |  7- 9 | 10-12 | 13-15 || total
-------------------------+-------+-------+-------+-------+-------++-------
Melee: Hand axe          |   111 |       |       |       |       ||   111
       War axe           |    42 |   179 |   368 |   204 |       ||   793
       Battleaxe         |       |       |     5 |   363 |   127 ||   495
Throw: Tomahawk          |       |     5 |       |       |       ||     5
 Cast: Shroud of Golubri |     1 |     2 |     1 |       |       ||     4
Invok: Minor Destruction |       |       |     6 |   137 |     4 ||   147
       Lesser Servant of |       |       |       |     4 |     1 ||     5
       Major Destruction |       |       |       |     1 |       ||     1
Evoke: Wand              |       |       |     9 |    14 |       ||    23
  Use: Potion            |       |     6 |       |       |       ||     6
       Scroll            |       |     5 |     4 |     7 |     9 ||    25
 Stab: Confused          |       |       |     6 |     2 |       ||     8
       Paralysed         |       |       |       |     6 |       ||     6
  Eat: Chunk             |     3 |    12 |    11 |    21 |     3 ||    50
       Fruit             |       |       |     1 |       |       ||     1
       Royal jelly       |       |       |       |     1 |       ||     1
Armor: Leather armour    |    57 |    64 |    47 |       |       ||   168
       Plate armour      |       |       |   130 |   390 |    69 ||   589
Dodge: Dodged            |   105 |   127 |   143 |   277 |    51 ||   703
